 Dungeon Crawl Stone Soup version 0.31.0-11-ge490571c62 (webtiles) character file.

Game seed: 4921432582873083744

116 Gadfly the Ruffian (level 4, -6/33 HPs)
             Began as a Demonspawn Shapeshifter on Jan 26, 2024.
             Splashed by a jelly's acid (10 damage)
             ... on level 4 of the Dungeon.
             The game lasted 00:05:09 (3196 turns).

Gadfly the Ruffian (Demonspawn Shapeshifter)        Turns: 3196, Time: 00:05:10

Health: -6/33      AC: -5    Str: 16    XL:     4   Next: 70%
Magic:  4/4        EV: 14    Int: 11    God:
Gold:   167        SH:  4    Dex: 12    Spells: 3/3 levels left

rFire   . .          .
                       - Unarmed
rCold   . . .        (no shield)
rNeg    . . .        a - +1 animal skin
rPois   .            f - melded +0 helmet
rElec   .            (cloak currently unavailable)
rCorr   .            (gloves currently unavailable)
SInv    .            (boots currently unavailable)
Will    .....        (no amulet)
Stlth   +            e - ring of flight
HPRegen 0.25/turn    (no ring)
MPRegen 0.09/turn

%: no passive effects
@: lethally poisoned (-6 -> -8), beast-form, corroded, flying
A: beast (slay +1), hooves 1, repulsion field 1, condensation shield
a: Begin Untransformation


You were on level 4 of the Dungeon.
You were a hulking beast.
You visited 1 branch of the dungeon, and saw 4 of its levels.

You collected 197 gold pieces.
You spent 30 gold pieces at shops.

Inventory:

Hand Weapons
 b - a +2 dagger of freezing
 k - a +1 spear of freezing
Armour
 a - a +1 animal skin (worn)
 f - a +0 helmet (melded)
 m - a scarf of harm
Jewellery
 e - a ring of flight (left hand)
Talismans
 c - a beast talisman (active)
 d - a flux talisman
Wands
 n - a wand of digging (2)
Scrolls
 l - a scroll of teleportation
 o - a scroll of fog
 q - a scroll of poison
Potions
 g - a potion of invisibility {unknown}
 h - a potion of resistance {unknown}
 i - a potion of lignification
 j - a potion of magic {unknown}
 r - a potion of curing {unknown}


   Skills:
 + Level 2.0 Fighting
 * Level 2.8 Dodging
 + Level 3.1 Unarmed Combat
 * Level 2.1 Evocations
 + Level 3.0 Shapeshifting


You had 3 spell levels left.
You didn't know any spells.
Your spell library contained the following spells:

 Spells                   Type           Power      Damage    Failure   Level
 Magic Dart               Conj           0%         1d3       34%         1
 Blink                    Tloc           0%         N/A       47%         2
 Call Imp                 Summ           0%         N/A       47%         2
 Scorch                   Fire           0%         2d5       47%         2
 Inner Flame              Hex/Fire       0%         N/A       71%         3
 Flame Wave               Conj/Fire      0%         2d4       98%         4
 Sticky Flame             Fire/Alch      0%         2d4       98%         4
 Summon Cactus Giant      Summ           0%         N/A       100%        6
 Haunt                    Necr/Summ      0%         N/A       100%        7
 Borgnjor's Revivificati  Necr           0%         N/A       100%        8
 Death's Door             Necr           0%         N/A       100%        9


Dungeon Overview and Level Annotations

Branches:
Dungeon (4/15)
 Temple: D:4-7

Altars:
Cheibriados

Shops:
D:2 *


Innate Abilities, Weirdness & Mutations

You are a hulking beast.
Your limbs bulge with bestial killing power. (Slay +1)
You have large cloven feet.
You are surrounded by a mild repulsion field. (EV +2)
A meltable shield of frost defends you. (SH +4)


Message History

The adder bites you but does no damage.
You barely miss the adder.
The adder is heavily wounded.
The adder misses you. The jelly hits you.
You are splashed with acid!
You block the adder's attack.
You hit the adder.
The adder is almost dead.
The jelly hits you. The acid corrodes you!
You are splashed with acid.
The adder bites you.
You are poisoned.
The adder poisons you!
You closely miss the adder. Your kick misses the adder.
The adder is almost dead.
You feel sick. The jelly hits you. The acid corrodes you!
You are splashed with acid!
* * * LOW HITPOINT WARNING * * *
You block the adder's attack.
You are too injured to fight recklessly!
You are too injured to fight recklessly!
You are too injured to fight recklessly!
You are too injured to fight recklessly!
You are too injured to fight recklessly!
You are too injured to fight recklessly!
You are too injured to fight recklessly!
You are too injured to fight recklessly!
You are too injured to fight recklessly!
You are too injured to fight recklessly!
You are too injured to fight recklessly!
You are too injured to fight recklessly!
You are too injured to fight recklessly!
You are too injured to fight recklessly!
You are too injured to fight recklessly!
You are too injured to fight recklessly!
Unknown command.
You miss the adder.
The adder is almost dead.
You feel sick. You block the adder's attack. The jelly hits you.
* * * LOW HITPOINT WARNING * * *
The acid corrodes you!
You are splashed with acid!
You die...

#..#######
#.........
#.........
.........
#........
#<.......
#........
#........
#hJ......
#S.......
#........
.........
#........
[........
.#######.
.


You could see a jelly and an adder.

Vanquished Creatures
  3 adders
  3 dart slugs (D:1)
  3 ribbon worms
  4 ball pythons
  6 endoplasms
  A giant cockroach (D:2)
  14 hobgoblins
  6 jackals
  4 quokkas
  7 bats
  3 frilled lizards
  5 goblins
  8 kobolds
  3 rats
70 creatures vanquished.

Notes
Turn   | Place    | Note
-------+----------+-------------------------------------------
     0 | D:1      | Gadfly the Demonspawn Shapeshifter began the quest for the
                  | Orb.
     0 | D:1      | Reached XP level 1. HP: 15/15 MP: 1/1
   253 | D:1      | Gained mutation: You are surrounded by a mild repulsion
                  | field. (EV +2) [demonic ancestry]
   253 | D:1      | Reached XP level 2. HP: 21/21 MP: 2/2
   414 | D:1      | Reached skill level 1 in Evocations
   700 | D:1      | Gained mutation: A meltable shield of frost defends you.
                  | (SH +4) [demonic ancestry]
   700 | D:1      | Reached XP level 3. HP: 22/26 MP: 3/3
  1892 | D:2      | Gained mutation: You have large cloven feet. [demonic
                  | ancestry]
  1892 | D:2      | Reached XP level 4. HP: 20/33 MP: 4/4
  2091 | D:2      | Found Qopn's General Store.
  2096 | D:2      | Bought a scroll of teleportation for 30 gold pieces
  2297 | D:3      | Found a snail-covered altar of Cheibriados.
  3071 | D:3      | Found a faded altar of an unknown god.
  3196 | D:4      | Splashed by a jelly's acid

Illustrated notes

Levels and vault maps discovered:
D:1:      dpeg_arrival_long_road, layout_basic, kennysheep_doodads,
          kennysheep_nondescript, serial_bayou_lagoon_b
D:2:      layout_basic, serial_shops, shop
D:3:      layout_loops_cross, lemuel_doored_altar,
          dreamdust_ecumenical_altar_angels_and_demons, minmay_surrounded
D:4:      layout_basic, nemelex_diamond_rough_becter, evilmike_ruin_ashenzari,
          minmay_temple_entry_poolview, nicolae_elevator_lobby_plus, uniq_robin

Skill      XL: |  1  2  3  4 |
---------------+-------------+-----
Dodging        | 2 |  2.8
Evocations     | 1 2 |  2.1
Unarmed Combat | 3 |  3.1
Shapeshifting  | 3 |  3.0
Fighting       | 2 |  2.0

Action                     |  1- 3 |  4- 6 || total
---------------------------+-------+-------++-------
  Melee: Unarmed           |   181 |    77 ||   258
         Punch             |     3 |       ||     3
         Dagger            |     1 |       ||     1
         Kick              |       |    12 ||    12
Ability: Begin Untransform |     1 |     1 ||     2
  Evoke: Wand              |       |     1 ||     1
    Use: Scroll            |     3 |     3 ||     6
   Stab: Sleeping          |       |     1 ||     1
 Armour: Animal skin       |    90 |    25 ||   115
  Dodge: Dodged            |   128 |    46 ||   174
  Block: Other             |    13 |    13 ||    26
   Form: Beast             |     1 |     1 ||     2
